 Dungeon Crawl Stone Soup version 0.29-a0-643-ga013cefcf8 (webtiles) character file.

Game seed: 6678930810159812319

732 HoaS the Archer (level 7, -3/40 HPs)
             Began as a Tengu Hunter on June 19, 2022.
             Slain by Duvessa
             ... wielding a +0 short sword
              (10 damage)
             ... on level 4 of the Dungeon.
             The game lasted 00:07:52 (3220 turns).

HoaS the Archer (Tengu Hunter)                      Turns: 3220, Time: 00:07:53

Health: -3/40      AC:  9    Str: 12    XL:     7   Next: 73%
Magic:  8/8        EV: 13    Int:  9    God:
Gold:   231        SH:  0    Dex: 19    Spells: 6/6 levels left

rFire   . . .      SeeInvis .   a - +1 shortbow (flame)
rCold   . . .      Faith    .   (shield currently unavailable)
rNeg    . . .      Spirit   .   e - +0 ring mail
rPois   .          Reflect  .   n - +1 hat
rElec   .          Harm     .   l - +2 cloak
rCorr   .          Rampage  .   (no gloves)
Will    .....                   (boots unavailable)
Stlth   +.........              (no amulet)
HPRegen 0.13/turn               (no ring)
MPRegen 0.11/turn               (no ring)

@: flying quickly and evasively, quick
A: beak, talons 3, nimble flight
a: no special abilities


You were on level 4 of the Dungeon.
You visited 1 branch of the dungeon, and saw 4 of its levels.
You also visited: Sewer.

You collected 231 gold pieces.

Inventory:

Hand Weapons
 a - a +1 shortbow of flaming (weapon)
Armour
 e - a +0 ring mail (worn)
 l - a +2 cloak (worn)
 n - a +1 hat (worn)
Wands
 b - a wand of digging (4)
Scrolls
 c - a scroll of immolation
 k - a scroll of fog
Potions
 d - 4 potions of haste {unknown}
 f - a potion of curing
 g - a potion of magic {unknown}
 h - 2 potions of resistance {unknown}
 i - 3 potions of attraction {unknown}
 j - 3 potions of mutation {unknown}
 m - a potion of cancellation {unknown}
 o - a potion of heal wounds {unknown}
 p - a potion of brilliance {unknown}


   Skills:
 - Level 2.0 Fighting
 + Level 10.1 Bows
 - Level 2.1 Dodging
 - Level 1.0 Stealth


You had 6 spell levels left.
You didn't know any spells.
Your spell library contained the following spells:

 Spells                   Type           Power      Damage    Failure   Level
 Sandblast                Erth           0%         2d4       67%         1
 Passwall                 Tmut/Erth      0%         N/A       80%         2
 Dazzling Flash           Conj/Hex       0%         N/A       95%         3
 Stone Arrow              Conj/Erth      0%         3d7       95%         3
 Iskenderun's Mystic Bla  Conj/Tloc      0%         2d3       100%        4
 Starburst                Conj/Fire      0%         6d3       100%        6


Dungeon Overview and Level Annotations

Branches:
Dungeon (4/15)              Sewer (visited)
 Temple: D:4-7

Altars:
Xom

Annotations:
D:4 1 runed translucent door, Dowan; Duvessa; Eustachio; wilfster70's ghost, novice HOFi


Innate Abilities, Weirdness & Mutations

You have a beak for a mouth.
You have claws for feet.
Your magical nature lets you fly swiftly and evasively.


Message History

Shoot: a) +1 shortbow (flame)
Press: ? - help, Q - select action Shift-Dir - straight line, f/p - Duvessa
Aim: Duvessa, wielding a +0 short sword and wearing a +0 ring mail (lightly wounded, fast, 74% to hit)
You shoot an arrow. The arrow closely misses Duvessa.
Duvessa hits you with a +0 short sword!
Shoot: a) +1 shortbow (flame)
Press: ? - help, Q - select action Shift-Dir - straight line, f/p - Duvessa
Aim: Duvessa, wielding a +0 short sword and wearing a +0 ring mail (lightly wounded, fast, 74% to hit)
You shoot an arrow. The arrow barely misses Duvessa.
Duvessa hits you but does no damage. Duvessa hits you with a +0 short sword.
Shoot: a) +1 shortbow (flame)
Press: ? - help, Q - select action Shift-Dir - straight line, f/p - Duvessa
Aim: Duvessa, wielding a +0 short sword and wearing a +0 ring mail (lightly wounded, fast, 74% to hit)
You shoot an arrow. The arrow hits Duvessa.
The arrow burns Duvessa.
Duvessa is moderately wounded.
Duvessa barely misses you. Duvessa hits you with a +0 short sword.
Shoot: a) +1 shortbow (flame)
Press: ? - help, Q - select action Shift-Dir - straight line, f/p - Duvessa
Aim: Duvessa, wielding a +0 short sword and wearing a +0 ring mail (moderately wounded, fast, 74% to hit)
You shoot an arrow.
The arrow hits Duvessa but does no damage.
Duvessa is moderately wounded.
Duvessa says, "When magic and the sword combine, nothing stands against them."
Duvessa hits you with a +0 short sword. Duvessa barely misses you.
Shoot: a) +1 shortbow (flame)
Press: ? - help, Q - select action Shift-Dir - straight line, f/p - Duvessa
Aim: Duvessa, wielding a +0 short sword and wearing a +0 ring mail (moderately wounded, fast, 74% to hit)
You shoot an arrow. The arrow hits Duvessa!
The arrow burns Duvessa.
Duvessa is heavily wounded.
Duvessa hits you with a +0 short sword.
Shoot: a) +1 shortbow (flame)
Press: ? - help, Q - select action Shift-Dir - straight line, f/p - Duvessa
Aim: Duvessa, wielding a +0 short sword and wearing a +0 ring mail (heavily wounded, fast, 74% to hit)
You shoot an arrow. The arrow hits Duvessa.
The arrow burns Duvessa.
Duvessa is almost dead.
Duvessa hits you with a +0 short sword.
* * * LOW HITPOINT WARNING * * *
Dowan says, "My weaknesses are her strengths!"
Duvessa hits you with a +0 short sword!
You die...

.. #.#..#....##.#.# h.
#.#..'.[..##.#.# #h
#.#.##....##.#.# #.
#.#.##.#.###.#.# #?
#.#.#....# #.#.#
./####.#####.#.#....###.#.###
....<...†.†.e..##+##.....>...
#..###.#.###e#.#.)$##########
#.#.# #@###♣8♣##########
#.#.# #...#####.........
#.#+# ##### ########## #. #.
#.


You could see Duvessa (fast) and Dowan.

Vanquished Creatures
  Grinder (D:3)
  2 kobold brigands (Sewer)
  Blork the orc (D:4)
  A scorpion (D:4)
  Crazy Yiuf (D:3)
  Ijyb (D:3)
  Jessica (D:3)
  An iguana (D:4)
  Terence (D:2)
  4 adders
  2 river rats (D:3)
  A worm (D:3)
  2 dart slugs
  8 ball pythons
  9 bats
  13 endoplasms
  9 giant cockroaches
  6 goblins
  6 hobgoblins
  4 jackals
  3 quokkas (D:1)
  4 frilled lizards
  18 kobolds
  11 rats
110 creatures vanquished.

Notes
Turn   | Place    | Note
-------+----------+-------------------------------------------
     0 | D:1      | HoaS the Tengu Hunter began the quest for the Orb.
     0 | D:1      | Reached XP level 1. HP: 12/12 MP: 2/2
    71 | D:1      | Reached XP level 2. HP: 12/17 MP: 3/3
   191 | D:1      | Reached skill level 5 in Bows
   423 | D:1      | Reached XP level 3. HP: 21/21 MP: 4/4
   434 | D:1      | Found a faded altar of an unknown god.
   894 | D:2      | Noticed Terence
   906 | D:2      | Killed Terence
   907 | D:2      | Reached skill level 6 in Bows
   907 | D:2      | Reached XP level 4. HP: 23/26 MP: 5/5
  1097 | D:2      | Found a shimmering altar of Xom.
  1365 | D:3      | Noticed Ijyb
  1370 | D:3      | Killed Ijyb
  1472 | D:3      | Gained mutation: Your magical nature lets you fly swiftly
                  | and evasively. [Tengu growth]
  1472 | D:3      | Reached XP level 5. HP: 30/30 MP: 6/6
  1699 | D:3      | Noticed Jessica
  1701 | D:3      | Killed Jessica
  1702 | D:3      | Reached skill level 7 in Bows
  1803 | D:3      | Noticed Grinder
  1805 | D:3      | Paralysed by Grinder for 4 turns
  1814 | D:3      | Paralysed by Grinder for 3 turns
  1821 | D:3      | Killed Grinder
  1822 | D:3      | Reached skill level 8 in Bows
  1822 | D:3      | Reached XP level 6. HP: 15/35 MP: 7/7
  2075 | D:3      | Found a glowing drain.
  2084 | Sewer    | Entered a sewer
  2205 | Sewer    | Reached skill level 9 in Bows
  2205 | Sewer    | Reached XP level 7. HP: 30/40 MP: 8/8
  2761 | D:3      | Found a runed translucent door.
  2762 | D:3      | Noticed Crazy Yiuf
  2769 | D:3      | Killed Crazy Yiuf
  3016 | D:4      | Noticed Blork the orc
  3025 | D:4      | Killed Blork the orc
  3037 | D:4      | Noticed Eustachio
  3093 | D:4      | Found a runed translucent door.
  3094 | D:4      | Noticed wilfster70's ghost (novice HOFi)
  3186 | D:4      | Reached skill level 10 in Bows
  3194 | D:4      | Noticed Dowan
  3201 | D:4      | Noticed Duvessa
  3220 | D:4      | Slain by Duvessa

Illustrated notes

Levels and vault maps discovered:
D:1:      erik_arrival_orb_chamber, layout_basic,
          dreamdust_ecumenical_altar_angels_and_demons, st_stairs_2,
          chequers_serial_rivers_room_b, hangedman_glass_teeth, minmay_tripent
D:2:      layout_basic, basic_altar, uniq_terence
D:3:      layout_loops_ring, portal_sewer_entry_e, nrook_uturn, uniq_jessica,
          uniq_grinder, uniq_ijyb, uniq_crazy_yiuf_cottage
D:4:      layout_basic, gammafunk_ghost_grave, uniq_eustachio,
          uniq_blork_the_orc, uniq_robin, uniq_duvessa

Skill      XL: |  1  2  3  4  5  6  7 |
---------------+----------------------+-----
Bows           | 5 6 8 9 10 | 10.1
Fighting       | |  2.0
Dodging        | |  2.1
Stealth        | |  1.0

Action                   |  1- 3 |  4- 6 |  7- 9 || total
-------------------------+-------+-------+-------++-------
 Fire: Shortbow          |    83 |   104 |    73 ||   260
Throw: Throwing net      |     1 |       |       ||     1
  Use: Scroll            |     3 |     2 |     1 ||     6
       Potion            |       |       |     2 ||     2
Armor: Leather armour    |     1 |       |       ||     1
       Ring mail         |     9 |    11 |    28 ||    48
Dodge: Dodged            |    16 |    18 |    37 ||    71

Table legend: (Time is in decaauts)
 A = Elapsed time spent in this place.
 B = Non-inter-level travel time spent in this place.
 C = Inter-level travel time spent in this place.
 D = Time resting spent in this place.
 E = Time spent auto-exploring this place.
 F = Levels seen in this place.
 G = Mean time per level.
                   A        B        C        D        E       F      G
               +--------+--------+--------+--------+--------+-----+--------+
         Total |   3172 |   3085 |     87 |    742 |   1706 |   5 |  634.4 |
       Dungeon |   2788 |   2701 |     87 |    604 |   1580 |   4 |  697.0 |
         Sewer |    384 |    384 |      0 |    138 |    125 |   1 |  384.0 |
               +--------+--------+--------+--------+--------+-----+--------+

Top non-repeatable levels by time:
     D:3: 1170 daAuts
     D:1: 829 daAuts
     D:2: 551 daAuts
   Sewer: 384 daAuts
     D:4: 237 daAuts
